Map: Dusk Towers

Players

Manta - Winner!

  • Race: Zerg Zerg
  • League: Silver

RAVEN

  • Race: Terran Terran
  • League: Gold

VOD

Have the link to the VOD?

Description

Time

  • Played on: Feb. 17, 2016, 7 p.m.
  • Length: 5:01
Show
View Real Time Build Order
Export as new Build Order

Manta Zerg - Winner!

Build Orders: Hatch First 

Get SALT Encoding   

  12  0:02  Drone  
  13  0:13  Overlord  
  13  0:18  Drone  
  14  0:33  Drone  
  14  0:34  Drone  
  16  0:39  Drone  
  17  0:56  Hatchery  
  16  0:58  Drone  
  17  1:13  Spawning Pool  
  17  1:15  Extractor  
  15  1:26  Drone  
  15  1:27  Overlord  
  16  2:05  Queen  
  18  2:11  Zergling x2  
  18  2:12  Queen  
  21  2:20  Zergling x2  
  22  2:31  Drone  
  23  2:37  Drone  
  23  2:38  Drone x2  
  26  2:46  Zergling x2  
  26  2:47  Queen  
  26  2:50  Spine Crawler  
  27  3:09  Zergling x4  
  29  3:22  Zergling x2  
  29  3:24  Metabolic Boost  
  30  3:38  Zergling x4  
  28  4:08  Zergling x2  
  28  4:09  Zergling x6  
  30  4:25  Zergling x6  
  30  4:27  Zergling x4  
Show
View Real Time Build Order
Export as new Build Order

RAVEN Terran 

Build Orders:  

Get SALT Encoding   

  12  0:01  SCV  
  13  0:14  SCV  
  13  0:19  Supply Depot  
  14  0:26  Refinery  
  15  0:28  SCV  
  15  0:44  Barracks  
  15  0:47  SCV  
  16  0:59  SCV  
  17  1:13  SCV  
  17  1:17  Supply Depot  
  18  1:29  SCV  
  19  1:40  Marine  
  19  1:42  Factory  
  19  1:45  Orbital Command  
  20  1:55  Refinery  
  20  1:57  Marine  
  21  2:10  Supply Depot  
  21  2:15  Marine  
  22  2:27  SCV  
  23  2:31  Widow Mine  
  23  2:33  Marine  
  23  2:35  Starport  
  27  2:44  SCV  
  27  2:51  Marine  
  27  2:59  Widow Mine  
  27  3:09  Marine  
  26  3:14  Medivac  
  20  4:01  Factory Tech Lab  
  20  4:12  Marine  
  21  4:29  Marine  
  22  4:34  Starport Tech Lab  
Tags
 
Matchup
TvZ
Replay Pack
sc2sc2
Add a new tag
Caveats
  • Supply blocks, unpowered buildings, or Contaminate may cause inaccurate times.
  • Supply counts are checked every 10 seconds.